 Dungeon Sprint DCSS version 0.22-a0-181-gb22368a (console) character file.

298 removed the Blocker (level 9, -5/78 HPs)
             Began as a Gnoll Fighter on Feb 14, 2018.
             Was an Elder of Qazlal.
             Slain by Aizul (17 damage)
             ... in the Dungeon (Sprint VI: "Thunderdome").
             The game lasted 00:06:41 (748 turns).

removed the Blocker (Gnoll Fighter)                  Turns: 748, Time: 00:06:42

Health: -5/78      AC:  8    Str: 18    XL:     9   Next: 40%
Magic:  7/20       EV: 14    Int: 11    God:    Qazlal [****..]
Gold:   150        SH: 18    Dex: 18    Spells: 23/23 levels left

rFire    . . .     SeeInvis .   a - +0 demon trident
rCold    . . .     Gourm    .   c - +0 shield
rNeg     . . .     Faith    .   b - +0 scale mail
rPois    .         Spirit   .   (no helmet)
rElec    .         Reflect  .   (no cloak)
rCorr    .         Harm     .   (no gloves)
MR       .....     NoTele   +   (no boots)
Stlth    ++........             (no amulet)
HPRegen  0.23/turn              (no ring)
MPRegen  0.17/turn              (no ring)

@: lethally poisoned (-5 -> -11), hasted, repel missiles, very quick
A: distributed training, fangs 1, strong nose
a: Upheaval, Elemental Force, Renounce Religion


You were in the Dungeon.
You worshipped Qazlal.
Qazlal was greatly pleased with you.
You were not hungry.

You visited 1 branch You collected 600 gold pieces.
You spent 450 gold pieces at shops.

Inventory:

Hand Weapons
 a - a +0 demon trident (weapon)
 r - a +0 trident
Missiles
 q - a throwing net (quivered)
Armour
 b - a +0 scale mail (worn)
 c - a +0 shield (worn)
Scrolls
 k - 4 scrolls of blinking
 o - 3 scrolls of fog
Potions
 e - a potion of curing
 h - 3 potions of haste
 i - 2 potions of magic
 l - a potion of resistance
Comestibles
 f - a ration
 p - 15 chunks of flesh


   Skills:
 + Level 10.0 Fighting
 + Level 7.5 Short Blades
 + Level 7.5 Long Blades
 + Level 7.5 Axes
 + Level 7.5 Maces & Flails
 + Level 8.9 Polearms
 + Level 7.5 Staves
 + Level 7.5 Slings
 + Level 7.5 Bows
 + Level 7.5 Crossbows
 + Level 7.5 Throwing
 + Level 10.0 Armour
 + Level 7.5 Dodging
 + Level 7.5 Stealth
 + Level 10.0 Shields
 + Level 7.5 Unarmed Combat
 + Level 7.5 Spellcasting
 + Level 6.2 Conjurations
 + Level 6.2 Hexes
 + Level 6.2 Charms
 + Level 6.2 Summonings
 + Level 6.2 Necromancy
 + Level 6.2 Translocations
 + Level 6.2 Transmutations
 + Level 6.2 Fire Magic
 + Level 6.2 Ice Magic
 + Level 6.2 Air Magic
 + Level 6.2 Earth Magic
 + Level 6.2 Poison Magic
 + Level 8.2 Invocations
 + Level 7.5 Evocations


You had 23 spell levels left.
You didn't know any spells.

Dungeon Overview and Level Annotations

Branches:
Dungeon (1/1)

Altars:
Cheibriados
Dithmenos
Fedhas
Gozag
Kikubaaqudgha
Makhleb
Okawaru
Qazlal
Ru
Sif Muna
Trog
Uskayaw
Vehumet
Wu Jian
Xom
Yredelemnul
Zin
The Shining One
Beogh
Jiyva
Lugonu

Shops:
D *[%??*?*:[((!!!!

Annotations:
D Aizul


Innate Abilities, Weirdness & Mutations

Your experience applies equally to all skills.
You have very sharp teeth.
Your uncanny sense of smell can sniff out nearby items.


Message History

You miss Aizul.
Aizul is lightly wounded.
Your air elemental misses Aizul.
You block Aizul's attack.
You miss Aizul.
Aizul is lightly wounded.
Your air elemental barely misses Aizul.
You block Aizul's attack.
Your air elemental misses Aizul.
Unknown command.
You miss Aizul.
Aizul is lightly wounded.
Your air elemental barely misses Aizul.
Aizul coils herself and waves her upper body at you.
The bolt of poison hits you!
You are poisoned.
* * * LOW HITPOINT WARNING * * *
You completely miss Aizul.
Aizul is lightly wounded.
You feel sick.
Your air elemental hits Aizul!
Your air elemental hits Aizul.
Aizul hits you!
You die...

#_...[..._# ###......[..###
#⌠...........⌠#
######.8.........8.######
##∩___......###......___∩##
###∩........8.# #.8........∩###
##.............###.............#
#⌠..........###..(###..........⌠
#⌠..........# #@<§# #..........⌠
#⌠..........###SE.###..........⌠
##............(###.............#
###∩........8.# #.8........∩###
##∩_._......###......_._∩##
######.8.........8.######
#⌠...........⌠# ###.........###
#_......._#


You could see Aizul and a friendly air elemental.

Vanquished Creatures
  A cyclops (D)
  A merfolk siren (D)
  A rust devil (D)
  2 merfolk (D)
  3 hippogriffs (D)
  3 earth elementals (D)
  A scorpion (D)
  2 iron imps (D)
  An orc wizard (D)
  Jessica (D)
  An adder (D)
  2 worms (D)
  A leopard gecko (D)
  A bat (D)
  3 giant cockroaches (D)
24 creatures vanquished.

Notes
Turn   | Place    | Note
-------+----------+-------------------------------------------
     0 | D        | removed the Gnoll Fighter began the quest for the Orb.
     0 | D        | Reached XP level 1. HP: 23/23 MP: 1/1
     0 | D        | Found a stormy altar of Qazlal.
     0 | D        | Found a shimmering altar of Xom.
     1 | D        | Found a snail-covered altar of Cheibriados.
     1 | D        | Found a hide-covered altar of Uskayaw.
     2 | D        | Found a deep blue altar of Sif Muna.
     2 | D        | Found a roughly hewn altar of Beogh.
     3 | D        | Found Hejavo's Distillery.
     3 | D        | Found a viscous altar of Jiyva.
     3 | D        | Found Opleicw's Do-It-Yourself Clinic.
     4 | D        | Found Miasaxza's Distillery.
     4 | D        | Found Zompul's Bottled Wisdom.
     5 | D        | Round 1.
    10 | D        | Became a worshipper of Qazlal Stormbringer
    13 | D        | Found an ancient bone altar of Kikubaaqudgha.
    13 | D        | Found Laxy's Staff Store.
    14 | D        | Found Wuatuokh's Must-Have Magic.
    14 | D        | Found Qeffo's Magic Scroll Shop.
    15 | D        | Found a basalt altar of Yredelemnul.
    15 | D        | Found a burning altar of Makhleb.
    15 | D        | Found a corrupted altar of Lugonu.
    15 | D        | Found Geylouq's Magic Scroll Shop.
    17 | D        | Noticed an orc wizard
    19 | D        | Found a sacrificial altar of Ru.
    20 | D        | Found a bloodstained altar of Trog.
    28 | D        | Found a glowing golden altar of the Shining One.
    30 | D        | Killed an orc wizard
    30 | D        | Reached skill level 1 in Short Blades
    30 | D        | Reached skill level 1 in Long Blades
    30 | D        | Reached skill level 1 in Axes
    30 | D        | Reached skill level 1 in Maces & Flails
    30 | D        | Reached skill level 1 in Staves
    30 | D        | Reached skill level 1 in Slings
    30 | D        | Reached skill level 1 in Bows
    30 | D        | Reached skill level 1 in Crossbows
    30 | D        | Reached skill level 1 in Throwing
    30 | D        | Reached skill level 1 in Dodging
    30 | D        | Reached skill level 1 in Stealth
    30 | D        | Reached skill level 1 in Unarmed Combat
    30 | D        | Reached skill level 1 in Spellcasting
    30 | D        | Reached skill level 1 in Conjurations
    30 | D        | Reached skill level 1 in Hexes
    30 | D        | Reached skill level 1 in Charms
    30 | D        | Reached skill level 1 in Summonings
    30 | D        | Reached skill level 1 in Necromancy
    30 | D        | Reached skill level 1 in Translocations
    30 | D        | Reached skill level 1 in Transmutations
    30 | D        | Reached skill level 1 in Fire Magic
    30 | D        | Reached skill level 1 in Ice Magic
    30 | D        | Reached skill level 1 in Air Magic
    30 | D        | Reached skill level 1 in Earth Magic
    30 | D        | Reached skill level 1 in Poison Magic
    30 | D        | Reached skill level 1 in Evocations
    30 | D        | Reached XP level 2. HP: 12/29 MP: 1/4
    30 | D        | Reached XP level 3. HP: 15/35 MP: 1/5
    31 | D        | Noticed Jessica
    35 | D        | Killed Jessica
    35 | D        | Reached skill level 5 in Polearms
    51 | D        | Reached * piety under Qazlal
    51 | D        | Reached XP level 4. HP: 15/43 MP: 3/7
    58 | D        | Found an opulent altar of Gozag.
    59 | D        | Found Zafir Ipn's Delicious Food.
    59 | D        | Found a shadowy altar of Dithmenos.
    59 | D        | Found Wusurch's Identification Station.
    60 | D        | Found Faej's Jewellery.
    60 | D        | Found Hyc Uria's Advanced Armour.
    63 | D        | Found an ornate altar of the Wu Jian Council.
    64 | D        | Found an iron altar of Okawaru.
    65 | D        | Found a radiant altar of Vehumet.
    66 | D        | Found a blossoming altar of Fedhas.
    66 | D        | Found a glowing silver altar of Zin.
    66 | D        | Found Dirch's Premium Goods.
    66 | D        | Found Javeok Hauc's Weapon Rack.
    67 | D        | Found Xivuxym's Miscellaneous Merchandise.
    67 | D        | Found Qocunihi's Basic Armour.
   118 | D        | Arena points: 12 (+12) [x2]
   193 | D        | Round 2.
   218 | D        | Reached ** piety under Qazlal
   334 | D        | Reached XP level 5. HP: 48/48 MP: 7/9
   342 | D        | Reached *** piety under Qazlal
   346 | D        | Arena points: 54 (+42) [x3]
   390 | D        | Round 3.
   421 | D        | Noticed a rust devil
   456 | D        | Killed a rust devil
   456 | D        | Reached skill level 5 in Short Blades
   456 | D        | Reached skill level 5 in Long Blades
   456 | D        | Reached skill level 5 in Axes
   456 | D        | Reached skill level 5 in Maces & Flails
   456 | D        | Reached skill level 5 in Staves
   456 | D        | Reached skill level 5 in Slings
   456 | D        | Reached skill level 5 in Bows
   456 | D        | Reached skill level 5 in Crossbows
   456 | D        | Reached skill level 5 in Throwing
   456 | D        | Reached skill level 5 in Dodging
   456 | D        | Reached skill level 5 in Stealth
   456 | D        | Reached skill level 5 in Unarmed Combat
   456 | D        | Reached skill level 5 in Spellcasting
   456 | D        | Reached skill level 5 in Invocations
   456 | D        | Reached skill level 5 in Evocations
   456 | D        | Reached XP level 6. HP: 20/57 MP: 10/13
   456 | D        | Reached XP level 7. HP: 23/63 MP: 10/14
   493 | D        | Reached **** piety under Qazlal
   534 | D        | HP: 2/63 [earth elemental (24)]
   536 | D        | Arena points: 138 (+84) [x4]
   578 | D        | Round 4.
   578 | D        | Noticed a merfolk
   596 | D        | Killed a merfolk
   596 | D        | Reached XP level 8. HP: 16/71 MP: 7/16
   599 | D        | Noticed a hippogriff
   610 | D        | Killed a hippogriff
   610 | D        | Reached skill level 5 in Conjurations
   610 | D        | Reached skill level 5 in Hexes
   610 | D        | Reached skill level 5 in Charms
   610 | D        | Reached skill level 5 in Summonings
   610 | D        | Reached skill level 5 in Necromancy
   610 | D        | Reached skill level 5 in Translocations
   610 | D        | Reached skill level 5 in Transmutations
   610 | D        | Reached skill level 5 in Fire Magic
   610 | D        | Reached skill level 5 in Ice Magic
   610 | D        | Reached skill level 5 in Air Magic
   610 | D        | Reached skill level 5 in Earth Magic
   610 | D        | Reached skill level 5 in Poison Magic
   619 | D        | Noticed a hippogriff
   628 | D        | Noticed a merfolk siren
   636 | D        | Killed a hippogriff
   641 | D        | Killed a merfolk siren
   650 | D        | Noticed a merfolk
   655 | D        | Killed a merfolk
   655 | D        | Reached XP level 9. HP: 14/78 MP: 8/19
   677 | D        | Noticed a cyclops
   689 | D        | Killed a cyclops
   689 | D        | Arena points: 298 (+160) [x5]
   689 | D        | Reached skill level 10 in Fighting
   689 | D        | Reached skill level 10 in Armour
   689 | D        | Reached skill level 10 in Shields
   709 | D        | Bought a +0 demon trident for 450 gold pieces
   729 | D        | Round 5.
   740 | D        | Noticed Aizul
   748 | D        | Slain by Aizul

Vault maps used:
D:        arena_sprint

Skill      XL: |  1  2  3  4  5  6  7  8  9 |
---------------+----------------------------+-----
Short Blades   | 1 2 3 5 7 |  7.5
Long Blades    | 1 2 3 5 7 |  7.5
Axes           | 1 2 3 5 7 |  7.5
Maces & Flails | 1 2 3 5 7 |  7.5
Staves         | 1 2 3 5 7 |  7.5
Slings         | 1 2 3 5 7 |  7.5
Bows           | 1 2 3 5 7 |  7.5
Crossbows      | 1 2 3 5 7 |  7.5
Throwing       | 1 2 3 5 7 |  7.5
Dodging        | 1 2 3 5 7 |  7.5
Stealth        | 1 2 3 5 7 |  7.5
Unarmed Combat | 1 2 3 5 7 |  7.5
Spellcasting   | 1 2 3 5 7 |  7.5
Conjurations   | 1 2 4 5 6 |  6.2
Hexes          | 1 2 4 5 6 |  6.2
Charms         | 1 2 4 5 6 |  6.2
Summonings     | 1 2 4 5 6 |  6.2
Necromancy     | 1 2 4 5 6 |  6.2
Translocations | 1 2 4 5 6 |  6.2
Transmutations | 1 2 4 5 6 |  6.2
Fire Magic     | 1 2 4 5 6 |  6.2
Ice Magic      | 1 2 4 5 6 |  6.2
Air Magic      | 1 2 4 5 6 |  6.2
Earth Magic    | 1 2 4 5 6 |  6.2
Poison Magic   | 1 2 4 5 6 |  6.2
Invocations    | 2 3 5 6 7 8 |  8.2
Evocations     | 1 2 3 5 7 |  7.5
Polearms       | 5 6 7 8 |  8.9
Fighting       | 7 8 9 10 | 10.0
Armour         | 7 8 9 10 | 10.0
Shields        | 7 8 9 10 | 10.0

Action                   |  1- 3 |  4- 6 |  7- 9 || total
-------------------------+-------+-------+-------++-------
Melee: Trident           |    20 |    54 |    51 ||   125
       Bite              |     4 |     8 |     5 ||    17
       Demon trident     |       |       |     5 ||     5
Invok: Upheaval          |       |       |     7 ||     7
       Elemental Force   |       |       |     2 ||     2
Evoke: Wand              |       |     1 |     9 ||    10
  Use: Potion            |       |       |     7 ||     7
Armor: Scale mail        |     7 |     7 |    11 ||    25
Dodge: Dodged            |     5 |    12 |    17 ||    34
Block: Shield            |    11 |    16 |    47 ||    74

Table legend:
 A = Spawn XP
 B = Non-spawn XP
 C = Spawn XP percentage of total XP
 D = Spawn monster count
 E = Non-spawn monster count
 F = Spawn count percentage of total count
 G = Total turns spent on level
                    A         B        C        D         E        F      G
               +---------+---------+-------+---------+---------+-------+---------
         Total |       0 |    3281 |   0.0 |       0 |      24 |   0.0 |   748
               +---------+---------+-------+---------+---------+-------+---------
             D |       0 |    3281 |   0.0 |       0 |      24 |   0.0 |   748
               +---------+---------+-------+---------+---------+-------+---------
